 Dungeon Crawl Stone Soup version 0.29-a0-397-g846e4a0bbc (webtiles) character file.

Game seed: 13114161953655293148

44 sammy202020 the Covered (level 3, 0/33 HPs)
             Began as a Minotaur Fighter on May 11, 2022.
             Slain by a sky beast (5 damage)
             ... on level 3 of the Dungeon.
             The game lasted 00:03:12 (1966 turns).

sammy202020 the Covered (Minotaur Fighter)          Turns: 1966, Time: 00:03:13

Health: 0/33       AC:  9    Str: 20    XL:     3   Next: 39%
Magic:  2/2        EV:  7    Int:  7    God:
Gold:   224        SH:  4    Dex:  9    Spells: 2/2 levels left

rFire   . . .      SeeInvis .   a - +1 war axe
rCold   . . .      Faith    .   c - +0 buckler
rNeg    + . .      Spirit   .   j - +0 chain mail
rPois   .          Reflect  .   (helmet restricted)
rElec   .          Harm     .   (no cloak)
rCorr   .          Rampage  .   (no gloves)
Will    .....                   (no boots)
Stlth   ..........              (no amulet)
HPRegen 0.11/turn               b - ring of positive energy
MPRegen 0.08/turn               (no ring)

@: no status effects
A: horns 2, retaliatory headbutt
a: no special abilities


You were on level 3 of the Dungeon.
You visited 1 branch of the dungeon, and saw 3 of its levels.

You collected 224 gold pieces.

Inventory:

Hand Weapons
 a - a +1 war axe (weapon)
Armour
 c - a +0 buckler (worn)
 j - a +0 chain mail (worn)
Jewellery
 b - a ring of positive energy (left hand)
 k - an amulet of magic regeneration
Wands
 m - a wand of mindburst (15)
Scrolls
 f - a scroll of amnesia {unknown}
 i - 2 scrolls of identify {unknown}
Potions
 d - 2 potions of might
 e - a potion of brilliance {unknown}
 g - a potion of invisibility {unknown}
 h - a potion of curing {unknown}
 o - a potion of lignification {unknown}
 p - a potion of flight {unknown}


   Skills:
 + Level 4.1 Fighting
 + Level 3.1 Axes
 + Level 4.2 Armour
 + Level 4.1 Shields


You had 2 spell levels left.
You didn't know any spells.
Your spell library contained the following spells:

 Spells                   Type           Power      Damage    Failure   Level
 Sting                    Tmut/Pois      0%         1d3       99%         1
 Poisonous Vapours        Pois/Air       0%         N/A       100%        2
 Olgreb's Toxic Radiance  Pois           0%         N/A       100%        4
 Fireball                 Conj/Fire      0%         3d3       100%        5
 Iskenderun's Battlesphe  Conj           0%         2d6       100%        5
 Conjure Ball Lightning   Conj/Air       0%         3x3d6     100%        6
 Orb of Destruction       Conj           0%         9d5       100%        7


Dungeon Overview and Level Annotations

Branches:
Dungeon (3/15)

Altars:

Portals:
Abyss: D:3

Annotations:
D:3 2 transporters, samgaumpmail's ghost, amateur DgCj


Innate Abilities, Weirdness & Mutations

You have a pair of horns on your head.
You reflexively headbutt those who attack you in melee.


Message History

You are too injured to fight recklessly!
You are too injured to fight recklessly!
You are too injured to fight recklessly!
You are too injured to fight recklessly!
You are too injured to fight recklessly!
You are too injured to fight recklessly!
You are too injured to fight recklessly!
You are too injured to fight recklessly!
You are too injured to fight recklessly!
You are too injured to fight recklessly!
You are too injured to fight recklessly!
You are too injured to fight recklessly!
Unknown command.
The giant cockroach closely misses you.
The giant cockroach completely misses you.
You block something's attack.
Sorry, you're not good enough to have a special ability.
You closely miss the giant cockroach.
The giant cockroach is heavily wounded.
You closely miss something.
The giant cockroach bites you but does no damage.
A sky beast appears from thin air!
Reactivating autopickup.
The sky beast hits you but does no damage.
You slash the sky beast!
The sky beast is moderately wounded.
You barely miss the giant cockroach.
The giant cockroach bites you but does no damage.
The sky beast flickers out of sight!
Deactivating autopickup; reactivate with Ctrl-A.
Something hits you. Something shocks you.
* * * LOW HITPOINT WARNING * * *
The giant cockroach closely misses you.
Okay, then.
You hit the giant cockroach.
You kill the giant cockroach!
You closely miss something. You block something's attack. Something hits you.
* * * LOW HITPOINT WARNING * * *
Something shocks you.
You die...

#≈≈≈≈##.................
#≈≈≈≈##)#)##############
#≈≈≈≈##.#..#############
#≈≈≈≈≈#.................
#≈≈≈≈≈#.#..###########.#
##≈≈≈≈#.#... #.#
#≈≈≈≈≈.#.#.# #..
#≈≈≈≈≈.#.#.. #..
###≈≈≈≈@..##.## #.#
.88≈≈≈≈{88....# #.#
$..............# #.#
................ #.#
..88≈≈≈≈≈88..##. #.#
#####≈≈≈≈≈..... #.#
#≈≈≈≈≈.####. #.#
##≈≈≈≈.. # #≈≈≈≈≈#.


There were no monsters in sight!

Vanquished Creatures
  A worm (D:3)
  5 ball pythons
  3 bats
  5 endoplasms
  3 giant cockroaches
  5 goblins
  4 hobgoblins
  2 jackals (D:1)
  3 kobolds
  4 frilled lizards
  A rat (D:1)
36 creatures vanquished.

Vanquished Creatures (others)
  5 toadstools (D:1)
5 creatures vanquished.

Grand Total: 41 creatures vanquished

Notes
Turn   | Place    | Note
-------+----------+-------------------------------------------
     0 | D:1      | sammy202020 the Minotaur Fighter began the quest for the
                  | Orb.
     0 | D:1      | Reached XP level 1. HP: 19/19 MP: 0/0
    33 | D:1      | Found a faded altar of an unknown god.
    41 | D:1      | Reached XP level 2. HP: 27/27 MP: 1/1
   860 | D:2      | Reached XP level 3. HP: 33/33 MP: 2/2
  1739 | D:3      | Found a transporter.
  1739 | D:3      | Found a one-way gate to the infinite horrors of the Abyss.
  1739 | D:3      | Noticed samgaumpmail's ghost (amateur DgCj)
  1740 | D:3      | Noticed a small abomination
  1751 | D:3      | Found a transporter.
  1757 | D:3      | Noticed a small abomination
  1762 | D:3      | Noticed a kobold brigand
  1956 | D:3      | Noticed a sky beast
  1966 | D:3      | Slain by a sky beast

Illustrated notes

Levels and vault maps discovered:
D:1:      eino_arrival_water_star, layout_rooms,
          hellmonk_ecumenical_altar_blasted, corexii_leaking_fountain,
          minmay_gold_behind_fungi, hangedman_abyss_or_decor_stabs, hex_tiny,
          dk_noncrumbling_3
D:2:      layout_basic
D:3:      wander_river, layout_basic, gammafunk_ghost_abyssal_escape,
          serial_shops, shop, shop, nicolae_square_shop

Skill      XL: |  1  2  3 |
---------------+----------+-----
Armour         | 4 |  4.2
Shields        | 4 |  4.1
Fighting       | 4 |  4.1
Axes           | 3 |  3.1

Action                   || total
-------------------------++-------
Melee: War axe           ||    67
       Headbutt          ||     6
  Use: Scroll            ||     5
Armor: Scale mail        ||    12
       Chain mail        ||    27
Dodge: Dodged            ||    21
Block: Buckler           ||    14

Table legend: (Time is in decaauts)
 A = Elapsed time spent in this place.
 B = Non-inter-level travel time spent in this place.
 C = Inter-level travel time spent in this place.
 D = Time resting spent in this place.
 E = Time spent auto-exploring this place.
 F = Levels seen in this place.
 G = Mean time per level.
                   A        B        C        D        E       F      G
               +--------+--------+--------+--------+--------+-----+--------+
         Total |   1999 |   1876 |    123 |    142 |   1444 |   3 |  666.3 |
       Dungeon |   1999 |   1876 |    123 |    142 |   1444 |   3 |  666.3 |
               +--------+--------+--------+--------+--------+-----+--------+

Top non-repeatable levels by time:
     D:2: 977 daAuts
     D:1: 751 daAuts
     D:3: 270 daAuts
